 Dungeon Crawl Stone Soup version 0.26.0-10-g1f06aea511 (webtiles) character file.

Game seed: 17196140250450383004

76 Borgoz the Slasher (level 4, -2/37 HPs)
             Began as a Ghoul Gladiator on Jan 18, 2021.
             Slain by a gnoll
             ... wielding a +0 hand axe
              (6 damage)
             ... on level 2 of the Dungeon.
             The game lasted 00:01:04 (1480 turns).

Borgoz the Slasher (Ghoul Gladiator)                Turns: 1480, Time: 00:01:05

Health: -2/37      AC:  7    Str: 17    XL:     4   Next: 32%
Magic:  3/3        EV: 10    Int:  3    God:
Gold:   97         SH:  0    Dex: 11    Spells: 3/3 levels left

rFire    + . .     SeeInvis .   a - +0 long sword
rCold    + + .     Faith    .   (no shield)
rNeg     + + +     Spirit   .   e - +0 scale mail
rPois    ∞         Reflect  .   c - +0 helmet
rElec    +         Harm     .   (no cloak)
rCorr    +         Rampage  .   (no gloves)
Will     .....                  (no boots)
Stlth    ..........             (no amulet)
HPRegen  0.00/turn              (no ring)
MPRegen  0.08/turn              (no ring)

@: resistant
A: claws 1, cold resistance 1, negative energy resistance 3, inhibited
regeneration, torment resistance, unbreathing
a: no special abilities


You were on level 2 of the Dungeon.
You visited 1 branch of the dungeon, and saw 2 of its levels.

You collected 97 gold pieces.

Inventory:

Hand Weapons
 a - a +0 long sword (weapon)
Missiles
 d - 3 throwing nets (quivered)
Armour
 c - a +0 helmet (worn)
 e - a +0 scale mail (worn)
Scrolls
 b - a scroll of enchant armour {unknown}
 f - 2 scrolls of identify {unknown}
 h - a scroll of noise {unknown}
 i - 2 scrolls of magic mapping {unknown}
 j - a scroll of teleportation {unknown}
 k - a scroll of remove curse {unknown}
 l - a scroll of blinking {unknown}
Potions
 g - a potion of heal wounds {unknown}


   Skills:
 + Level 2.9 Fighting
 * Level 3.5 Long Blades
 - Level 1.7 Throwing
 + Level 1.2 Armour
 + Level 3.1 Dodging


You had 3 spell levels left.
You didn't know any spells.
Your spell library was empty.

Dungeon Overview and Level Annotations

Branches:
Dungeon (2/15)

Altars:


Innate Abilities, Weirdness & Mutations

You thrive by killing the living.
You are immune to poison.
You have sharp fingernails.
Your flesh is cold resistant. (rC+)
You are immune to negative energy. (rN+++)
You do not regenerate when monsters are visible.
You are immune to unholy pain and torment.
You can survive without breathing.


Message History

You hit the gnoll but do no damage.
The gnoll is severely wounded.
The gnoll hits you with a +0 hand axe. The gnoll hits you but does no damage.
The gnoll closely misses you. The gnoll hits you with a +0 hand axe!
* * * LOW HITPOINT WARNING * * *
You are too injured to fight recklessly!
You are too injured to fight recklessly!
You are too injured to fight recklessly!
You are too injured to fight recklessly!
You are too injured to fight recklessly!
You are too injured to fight recklessly!
Unknown command.
It was a potion of resistance.
You feel protected. The gnoll barely misses you.
You riposte.
You barely miss the gnoll.
The gnoll is heavily wounded.
The gnoll hits you from afar with a +0 spear!
* * * LOW HITPOINT WARNING * * *
The gnoll hits you with a +0 hand axe.
You die...

## .# .##..... .##.....#
.##.....# # .#
.....############.# .#
##...........g....## .#
#.....###....@.g...#
)###.......'....g......=
..........##......<.....
..).......##..........##
..........##..........#
..........#############
..........# ..........#
..........#


You could see 3 gnolls.

Vanquished Creatures
  A gnoll (D:1)
  2 adders (D:2)
  2 dart slugs (D:1)
  A leopard gecko (D:1)
  5 bats
  A giant cockroach (D:1)
  A goblin (D:1)
  6 hobgoblins
  4 jackals (D:1)
  2 ball pythons (D:1)
  13 frilled lizards (D:1)
  3 kobolds (D:1)
  6 rats (D:1)
47 creatures vanquished.

Notes
Turn   | Place    | Note
-------+----------+-------------------------------------------
     0 | D:1      | Borgoz the Ghoul Gladiator began the quest for the Orb.
     0 | D:1      | Reached XP level 1. HP: 17/17 MP: 0/0
    57 | D:1      | Reached XP level 2. HP: 25/25 MP: 1/1
   400 | D:1      | Reached XP level 3. HP: 30/30 MP: 2/2
   825 | D:1      | Reached skill level 1 in Armour
  1338 | D:2      | Reached XP level 4. HP: 30/37 MP: 3/3
  1480 | D:2      | Slain by a gnoll

Illustrated notes

Levels and vault maps discovered:
D:1:      elethiomel_arrival_infinity_welcomes_careful_drivers, layout_basic,
          minmay_lizard_pond
D:2:      layout_basic, overflow_temple_1_default, uniq_sigmund, uniq_jessica

Skill      XL: |  1  2  3 |
---------------+----------+-----
Long Blades    | 3 |  3.5
Dodging        | 3 |  3.1
Armour         | 1 |  1.2
Fighting       | |  2.9
Throwing       | |  1.7

Action                   |  1- 3 |  4- 6 || total
-------------------------+-------+-------++-------
Melee: Long sword        |   102 |    17 ||   119
  Use: Potion            |       |     1 ||     1
Armor: Leather armour    |     7 |       ||     7
       Scale mail        |    64 |     9 ||    73
Dodge: Dodged            |    83 |    11 ||    94
       Rpst.: Long sword |    27 |     4 ||    31
